 Dungeon Crawl Stone Soup version 0.28-a0-172-g787e458d71 (webtiles) character file.

Game seed: 2365226989633097420

207 voltaire321 the Chopper (level 5, -1/69 HPs)
             Began as a Minotaur Gladiator on Aug 16, 2021.
             Slain by a river rat (7 damage)
             ... summoned by Eustachio
             ... on level 4 of the Dungeon.
             The game lasted 00:05:13 (2563 turns).

voltaire321 the Chopper (Minotaur Gladiator)        Turns: 2563, Time: 00:05:13

Health: -1/69      AC: 22    Str: 19    XL:     5   Next: 54%
Magic:  4/4        EV:  2    Int:  5    God:
Gold:   64         SH:  6    Dex: 12    Spells: 4/4 levels left

rFire   . . .      SeeInvis .   a - +0 war axe
rCold   . . .      Faith    .   s - +0 kite shield
rNeg    + + +      Spirit   .   (armour currently unavailable)
rPois   +          Reflect  .   (helmet currently unavailable)
rElec   .          Harm     .   (cloak currently unavailable)
rCorr   .          Rampage  .   (gloves currently unavailable)
Will    .....      NoTele   +   (boots currently unavailable)
Stlth   +.........              (no amulet)
HPRegen 0.21/turn               (no ring)
MPRegen 0.09/turn               (no ring)

@: tree-form
A: stationary, stasis, torment immunity, boosted hp, (horns 2), (retaliatory
headbutt)
a: no special abilities


You were on level 4 of the Dungeon.
You were a tree.
You visited 1 branch of the dungeon, and saw 4 of its levels.

You collected 64 gold pieces.

Inventory:

Hand Weapons
 a - a +0 war axe (weapon)
Missiles
 d - 3 throwing nets
 k - 15 poisoned darts (quivered)
 m - 7 datura-tipped darts
Armour
 c - a +0 hat (melded)
 o - a +0 ring mail (melded)
 q - a +0 pair of gloves (melded)
 s - a +0 kite shield (worn)
Scrolls
 b - a scroll of enchant weapon {unknown}
 e - 4 scrolls of identify {unknown}
 h - a scroll of teleportation {unknown}
 n - 2 scrolls of fog {unknown}
 p - a scroll of blinking {unknown}
Potions
 g - a potion of attraction {unknown}
 i - a potion of flight {unknown}
 j - a potion of ambrosia {unknown}
 l - 2 potions of brilliance {unknown}
 r - a potion of heal wounds {unknown}
 t - a potion of degeneration {unknown}
 u - a potion of curing {unknown}


   Skills:
 + Level 3.8 Fighting
 + Level 4.6 Axes
 + Level 3.1 Throwing
 + Level 2.6 Armour
 + Level 4.2 Dodging


You had 4 spell levels left.
You didn't know any spells.
Your spell library contained the following spells:

 Spells                   Type           Power      Damage    Failure   Level
 Corpse Rot               Necr/Air       N/A        N/A       99%         2
 Poisonous Vapours        Pois/Air       0%         N/A       99%         2
 Inner Flame              Hex/Fire       0%         N/A       100%        3
 Cause Fear               Hex            0%         N/A       100%        4
 Freezing Cloud           Conj/Ice/Air   0%         6-21      100%        5
 Discord                  Hex            0%         N/A       100%        8


Dungeon Overview and Level Annotations

Branches:
Dungeon (4/15)
 Temple: D:4-7

Altars:
Cheibriados
Fedhas
Xom

Annotations:
D:4 Eustachio


Innate Abilities, Weirdness & Mutations

You are a tree.
Your roots penetrate the ground, keeping you stationary.
You cannot be teleported.
You are immune to unholy pain and torment.
Your maximum health is greatly increased.
Your equipment is partially melded.
((You have a pair of horns on your head.))
((You reflexively headbutt those who attack you in melee.))


Message History

Your shield prevents you from hitting the river rat.
You block Eustachio's attack. The river rat barely misses you.
You miss Eustachio.
Eustachio is heavily wounded.
Your shield prevents you from hitting the river rat.
The river rat barely misses you. You furiously retaliate!
You headbutt the river rat, but do no damage.
Eustachio hits you with a +0 falchion.
Eustachio casts a spell.
The river rat bites you.
You barely miss Eustachio. Your headbutt misses Eustachio.
Eustachio is heavily wounded.
You slash the ufetubus!
You kill the ufetubus!
You hit the river rat but do no damage. You block Eustachio's attack.
The river rat bites you.
* * * LOW HITPOINT WARNING * * *
You hit Eustachio but do no damage. Your headbutt misses Eustachio.
Eustachio is heavily wounded.
You closely miss the river rat. The river rat completely misses you.
You furiously retaliate!
You headbutt the river rat! Eustachio hits you with a +0 falchion.
* * * LOW HITPOINT WARNING * * *
Eustachio hits you with a +0 falchion.
* * * LOW HITPOINT WARNING * * *
You block the river rat's attack.
You closely miss Eustachio.
Eustachio is heavily wounded.
You closely miss the river rat. The river rat misses you.
You block Eustachio's attack. Eustachio closely misses you.
You furiously retaliate!
You headbutt Eustachio! The river rat barely misses you.
You furiously retaliate!
You headbutt the river rat, but do no damage.
Okay, then.
It was a potion of lignification.
You turn into a tree.
Your +0 hat melds into your body.
Your +0 pair of gloves melds into your body.
Your +0 ring mail melds into your body.
Your roots penetrate the ground.
Eustachio hits you but does no damage. The river rat bites you!
You die...

.
.############
...........#
#.....!..(#
#........(#
#........(#
#...♣@....#
#...r.....#
#...<.....#
###########


You could see Eustachio and a river rat (summoned).

Vanquished Creatures
  2 jellies (D:3)
  An orc priest (D:3)
  An orc wizard (D:3)
  3 adders
  2 worms (D:3)
  6 orcs (D:3)
  8 bats
  3 endoplasms
  2 giant cockroaches (D:2)
  6 hobgoblins
  An iguana (D:3)
  7 kobolds
  5 ball pythons
  3 frilled lizards
  4 goblins
  6 rats
60 creatures vanquished.

Vanquished Creatures (others)
  A fungus (D:1)
1 creature vanquished.

Grand Total: 61 creatures vanquished

Notes
Turn   | Place    | Note
-------+----------+-------------------------------------------
     0 | D:1      | voltaire321 the Minotaur Gladiator began the quest for the
                  | Orb.
     0 | D:1      | Reached XP level 1. HP: 18/18 MP: 0/0
    99 | D:1      | Found a faded altar of an unknown god.
   285 | D:1      | Reached XP level 2. HP: 25/25 MP: 1/1
   887 | D:2      | Reached skill level 1 in Armour
  1051 | D:2      | Reached XP level 3. HP: 31/31 MP: 2/2
  1064 | D:2      | Found a snail-covered altar of Cheibriados.
  1816 | D:3      | Reached XP level 4. HP: 37/38 MP: 3/3
  1848 | D:3      | Reached XP level 5. HP: 29/45 MP: 4/4
  2051 | D:3      | Found a shimmering altar of Xom.
  2221 | D:3      | Found a blossoming altar of Fedhas.
  2548 | D:4      | Noticed Eustachio
  2563 | D:4      | Slain by a river rat

Illustrated notes

Levels and vault maps discovered:
D:1:      dpeg_arrival_pits, layout_basic, ebering_ecumenical_altar_hall,
          palyth_stone_intersect, minivault_25, minmay_shallow_snake_nest
D:2:      layout_rooms, basic_altar, minmay_misc_feat_pillars,
          solitary_fountain, minmay_close_crescents
D:3:      layout_rooms, dk_xom_monty_hall, fedhas_altar_2, kennysheep_nub
D:4:      layout_basic, nicolae_ru_the_path_less_chosen, uniq_eustachio

Skill      XL: |  1  2  3  4  5 |
---------------+----------------+-----
Armour         | 1 2 |  2.6
Axes           | 4 |  4.6
Fighting       | 3 |  3.8
Dodging        | 4 |  4.2
Throwing       | 3 |  3.1

Action                   |  1- 3 |  4- 6 || total
-------------------------+-------+-------++-------
Melee: War axe           |    68 |    49 ||   117
       Headbutt          |     9 |    13 ||    22
Throw: Dart              |       |     5 ||     5
  Use: Potion            |       |     1 ||     1
Armor: Leather armour    |     7 |       ||     7
       Ring mail         |    12 |    12 ||    24
       Skin              |       |     1 ||     1
Dodge: Dodged            |    45 |    25 ||    70
Block: Kite shield       |       |    12 ||    12

Table legend: (Time is in decaauts)
 A = Elapsed time spent in this place.
 B = Non-inter-level travel time spent in this place.
 C = Inter-level travel time spent in this place.
 D = Time resting spent in this place.
 E = Time spent auto-exploring this place.
 F = Levels seen in this place.
 G = Mean time per level.
                   A        B        C        D        E       F      G
               +--------+--------+--------+--------+--------+-----+--------+
         Total |   2608 |   2502 |    106 |    442 |   1581 |   4 |  652.0 |
       Dungeon |   2608 |   2502 |    106 |    442 |   1581 |   4 |  652.0 |
               +--------+--------+--------+--------+--------+-----+--------+

Top non-repeatable levels by time:
     D:3: 1065 daAuts
     D:1: 832 daAuts
     D:2: 690 daAuts
     D:4: 19 daAuts
